 Dungeon Crawl Stone Soup version 0.29-a0-96-g93358da72b (webtiles) character file.

Game seed: 17012301046914183896

298 innerfire433 the Covered (level 6, -2/46 HPs)
             Began as a Djinni Wanderer on Feb 10, 2022.
             Was a Believer of Wu Jian.
             Slain by a phantom (3 damage)
             ... on level 4 of the Dungeon.
             The game lasted 00:08:26 (2846 turns).

innerfire433 the Covered (Djinni Wanderer)          Turns: 2846, Time: 00:08:26

Health: -2/46      AC:  7    Str: 18    XL:     6   Next: 63%
Gold:   154        EV:  9    Int: 10    God:    Wu Jian [**....] SH:  0 Dex: 11

rFire   + + .      SeeInvis .     - Unarmed
rCold   x . .      Faith    .   (no shield)
rNeg    . . .      Spirit   .   d - +0 scale mail
rPois   ∞          Reflect  .   (no helmet)
rElec   .          Harm     .   (no cloak)
rCorr   .          Rampage  .   (no gloves)
Will    .....                   (boots unavailable)
Stlth   ..........              f - amulet of magic regeneration
HPRegen 0.15/turn               (no ring)
MPRegen 0.00/turn               (no ring)

@: mighty, about to teleport, flying
A: sickness immunity, fire resistance 2, cold vulnerability 1, float, innate
caster, HP casting, extra vitality 1
a: Renounce Religion, Wall Jump


You were on level 4 of the Dungeon.
You worshipped Wu Jian.
Wu Jian was pleased with you.
You visited 1 branch of the dungeon, and saw 4 of its levels.

You collected 154 gold pieces.

Inventory:

Hand Weapons
 a - a +3 shortbow
Missiles
 e - an arrow
Armour
 d - a +0 scale mail (worn)
 g - a +0 chain mail
Jewellery
 f - an amulet of magic regeneration (around neck)
Wands
 i - a wand of polymorph (10)
Scrolls
 l - 2 scrolls of identify
Potions
 k - a potion of brilliance


   Skills:
 - Level 3.1 Fighting
 - Level 4.0 Bows
 + Level 4.1 Armour
 - Level 1.0 Unarmed Combat
 * Level 2.5 Spellcasting
 + Level 1.2 Evocations


You had 7 spell levels left.
You knew the following spells:

 Your Spells              Type           Power      Damage    Failure   Level
a - Magic Dart            Conj           24%        1d4       30%         1
b - Poisonous Vapours     Pois/Air       12%        N/A       43%         2
Your spell library was empty.

Dungeon Overview and Level Annotations

Branches:
Dungeon (4/15)
 Temple: D:4-7

Altars:
Nemelex Xobeh
Okawaru
Wu Jian


Innate Abilities, Weirdness & Mutations

You are immune to sickness and miasma.
You are immune to poison.
Your flesh is very heat resistant. (rF++)
You are vulnerable to cold. (rC-)
You float through the air rather than walking.
You learn spells naturally, not from books.
Your magical power is your life essence.
You have superior vitality. (+4 MHP)


Message History

You see here an arrow.
Things that are here:
a +0 hand axe; an orc corpse You hit the centaur skeleton.
The centaur skeleton is lightly damaged.
The centaur skeleton hits you.
* * * LOW HITPOINT WARNING * * *
The centaur skeleton barely misses you.
You punch the centaur skeleton!
The centaur skeleton is heavily damaged.
The centaur skeleton closely misses you.
The centaur skeleton kicks you but does no damage.
You hit the centaur skeleton.
The centaur skeleton is severely damaged.
The centaur skeleton hits you but does no damage.
The centaur skeleton barely misses you.
The centaur skeleton closely misses you. x2
You punch the centaur skeleton!
The centaur skeleton is almost destroyed.
The centaur skeleton hits you but does no damage.
The centaur skeleton kicks you but does no damage.
You punch the centaur skeleton!
You destroy the centaur skeleton!
The Council accepts your kill.
There is nothing to wall jump against here.
Okay, then.
Unknown command.
You hit the adder skeleton.
The adder skeleton is moderately damaged.
The adder skeleton misses you.
You punch the phantom!
The phantom is moderately damaged.
You punch the phantom!
The phantom is severely damaged.
The phantom hits you.
* * * LOW HITPOINT WARNING * * *
Okay, then.
As you read the scroll of teleportation, it crumbles to dust.
You feel strangely unstable. The phantom hits you.
You die...

*,*,,,,,*,*,,* *,,,,,,,,*,#.#
*,,,,,,,,,,#.# *****,*****#.###
#### ,***,,****##...# #...
,,,,,,,,,,,..#<# #...
,,,,**,,,###.#.# #...
,,,,,#.#.#...#.###############...
,,,,,......(()ZW@))..............
,,,,,#.#.#...#.###############...
**+*,*,*,#...#.#***** #...
*,*,*,*,#...#.#*,,,* #...
**,*,*,*,#..Z#.#*,,,* #######...
,,,,,*,*,#...#.#*,,,* #.........
**,***,*,#...#.#*,,,####.........
,,>,,,,,,...<...+,,,+....).......
,,,,,,,,,*,,,,,**,,,####.........


You could see a phantom and an adder skeleton.

Vanquished Creatures
  3 centaur skeletons (D:4)
  A jelly (D:4)
  An orc priest (D:4)
  An orc wizard (D:4)
  A hound skeleton (D:4)
  2 adders
  An adder skeleton (D:4)
  A worm (D:2)
  A dart slug (D:3)
  9 orcs
  5 ball pythons
  6 endoplasms
  5 giant cockroaches
  5 hobgoblins
  3 jackals (D:4)
  4 quokkas
  4 bats
  6 frilled lizards (D:1)
  7 goblins
  6 kobolds
  15 rats
87 creatures vanquished.

Notes
Turn   | Place    | Note
-------+----------+-------------------------------------------
     0 | D:1      | innerfire433 the Djinni Wanderer began the quest for the
                  | Orb.
     0 | D:1      | Reached XP level 1. HP: 18/18 MP: 0/0
   146 | D:1      | Reached XP level 2. HP: 20/23 MP: 0/0
   406 | D:1      | Reached XP level 3. HP: 28/28 MP: 0/0
   406 | D:1      | Learned a level 1 spell: Magic Dart
   674 | D:2      | Found a faded altar of an unknown god.
   683 | D:2      | Prayed at the altar of an unknown god.
   683 | D:2      | Became a worshipper of the Wu Jian Council
   683 | D:2      | Reached * piety under Wu Jian
  1193 | D:2      | Found an iron altar of Okawaru.
  1392 | D:2      | Reached XP level 4. HP: 34/34 MP: 0/0
  1759 | D:3      | Reached ** piety under Wu Jian
  1821 | D:3      | Reached skill level 1 in Spellcasting
  2450 | D:4      | Reached XP level 5. HP: 29/40 MP: 0/0
  2450 | D:4      | Learned a level 2 spell: Poisonous Vapours
  2550 | D:4      | Found a sparkling altar of Nemelex Xobeh.
  2800 | D:4      | Reached XP level 6. HP: 8/46 MP: 0/0
  2830 | D:4      | Reached skill level 1 in Evocations
  2845 | D:4      | HP: 1/46 [phantom (6)]
  2846 | D:4      | Slain by a phantom

Illustrated notes

Levels and vault maps discovered:
D:1:      mainiacjoe_arrival_reflecting_pool, layout_basic
D:2:      layout_loops_corners, hellmonk_ecumenical_altar_slurped_away,
          basic_altar, minmay_rat_gold_closets
D:3:      layout_basic, amethyst_killhole
D:4:      layout_basic, nemelex_xobeh_ov_fountains_minmay, elyvilon_altar_5,
          minmay_ruined_shrine

Skill      XL: |  1  2  3  4  5  6 |
---------------+-------------------+-----
Spellcasting   | 1 2 |  2.5
Fighting       | 3 |  3.1
Bows           | 4 |  4.0
Armour         | 4 |  4.1
Evocations     | 1 |  1.2
Unarmed Combat | |  1.0

Action                   |  1- 3 |  4- 6 || total
-------------------------+-------+-------++-------
Melee: Unarmed           |       |    59 ||    59
       Punch             |       |     1 ||     1
 Fire: Shortbow          |    99 |    98 ||   197
Invok: Whirlwind         |       |     1 ||     1
  Use: Potion            |       |     8 ||     8
       Scroll            |       |     6 ||     6
Armor: Scale mail        |     9 |    39 ||    48
       Skin              |       |    19 ||    19
Dodge: Dodged            |    15 |    46 ||    61

Table legend: (Time is in decaauts)
 A = Elapsed time spent in this place.
 B = Non-inter-level travel time spent in this place.
 C = Inter-level travel time spent in this place.
 D = Time resting spent in this place.
 E = Time spent auto-exploring this place.
 F = Levels seen in this place.
 G = Mean time per level.
                   A        B        C        D        E       F      G
               +--------+--------+--------+--------+--------+-----+--------+
         Total |   2852 |   2709 |    143 |      0 |   2140 |   4 |  713.0 |
       Dungeon |   2852 |   2709 |    143 |      0 |   2140 |   4 |  713.0 |
               +--------+--------+--------+--------+--------+-----+--------+

Top non-repeatable levels by time:
     D:2: 1100 daAuts
     D:3: 662 daAuts
     D:1: 617 daAuts
     D:4: 473 daAuts
